 Seeded DCSS version 0.31-a0-774-g0d66cbabe8 (webtiles) character file.

Game seed: 7 (custom seed)

3201 Psyclone the Ducker (level 9, 0/51 HPs)
             Began as an Octopode Venom Mage on Sept 17, 2023.
             Was an Initiate of Gozag.
             Slain by a vampire mosquito (7 damage)
             ... on level 8 of the Dungeon.
             The game lasted 00:30:01 (9824 turns).

Psyclone the Ducker (Octopode Venom Mage)           Turns: 9824, Time: 00:30:02

Health: 0/51       AC:  1    Str:  8    XL:     9   Next: 96%
Magic:  15/18      EV: 15    Int: 21    God:    Gozag
Gold:   801        SH:  0    Dex: 12    Spells: 10/20 levels left

rFire   . . .        a - +4 dagger (venom)
rCold   . . .        (no shield)
rNeg    . . .        (helmet restricted)
rPois   .            (no amulet)
rElec   .            A - ring of see invisible
rCorr   .            (no ring)
SInv    +            (no ring)
Will    .....        (no ring)
Stlth   ++++         (no ring)
HPRegen 0.28/turn    (no ring)
MPRegen 0.16/turn    (no ring)
                     (no ring)

%: no passive effects
@: gold aura
A: almost no armour, amphibious, 8 rings, camouflage 1, gelatinous body 1,
(nimble swimmer 1), tentacles
a: Renounce Religion, Potion Petition, Call Merchant, Bribe Branch


You were on level 8 of the Dungeon.
You worshipped Gozag.
Gozag was pleased with you.
You visited 2 branches of the dungeon, and saw 9 of its levels.
You also visited: Sewer.

You collected 963 gold pieces.
You spent 48 gold pieces at shops.
You paid 114 gold pieces to Gozag.

Inventory:

Hand Weapons
 a - a +4 dagger of venom (weapon)
Missiles
 j - 25 poisoned darts
Magical Staves
 b - a staff of poison
Jewellery
 A - a ring of see invisible (left tentacle)
Wands
 q - a wand of acid (10)
 s - a wand of flame (15)
Scrolls
 e - a scroll of blinking {unknown}
 f - 5 scrolls of teleportation
 g - a scroll of torment
 k - a scroll of immolation {unknown}
 o - 2 scrolls of vulnerability {unknown}
 t - a scroll of poison
 v - a scroll of silence {unknown}
 w - 2 scrolls of summoning
 y - a scroll of fear {unknown}
 z - a scroll of amnesia {unknown}
Potions
 c - a potion of degeneration {unknown}
 d - a potion of might
 h - 8 potions of enlightenment
 i - a potion of attraction
 l - a potion of curing
 m - a potion of berserk rage {unknown}
 n - 2 potions of lignification {unknown}
 p - a potion of cancellation {unknown}
 u - a potion of invisibility {unknown}
 x - a potion of brilliance {unknown}


   Skills:
 + Level 6.9 Dodging
 - Level 6.0 Stealth
 - Level 6.0 Spellcasting
 - Level 6.0 Transmutations
 - Level 6.0 Fire Magic
 - Level 6.0 Poison Magic


You had 10 spell levels left.
You knew the following spells:

 Your Spells              Type           Power      Damage    Failure   Level
a - Poisonous Vapours     Pois/Air       36%        N/A       4%          2
b - Sting                 Tmut/Pois      100%       1d8       1%          1
s - Ignite Poison         Fire/Tmut/Pois 31%        N/A       2%          3
x - Olgreb's Toxic Radia  Pois           31%        N/A       9%          4

Your spell library contained the following spells:

 Spells                   Type           Power      Damage    Failure   Level
 Cigotuvi's Dreadful Rot  Necr/Pois/Air  28%        N/A       6%          2
 Slow                     Hex            24%        N/A       10%         1
 Mephitic Cloud           Conj/Pois/Air  14%        N/A       13%         3
 Confusing Touch          Hex            6%         N/A       28%         3
 Ozocubu's Armour         Ice            6%         N/A       28%         3
 Sigil of Binding         Hex            6%         N/A       28%         3
 Vampiric Draining        Necr           6%         2d6       28%         3
 Freezing Cloud           Conj/Ice/Air   3%         6-21      95%         5
 Ozocubu's Refrigeration  Ice            3%         4d8       100%        7


Dungeon Overview and Level Annotations

Branches:
Dungeon (8/15) Zot: 26818  Temple (1/1) D:5 Zot: 5808   Sewer (visited)
   Lair: D:8-11

Altars:
Ashenzari
Cheibriados
Elyvilon
Fedhas
Gozag
Hepliaklqana
Makhleb
Nemelex Xobeh
Okawaru
Ru
Sif Muna
Trog
Vehumet
Xom
Yredelemnul
Zin
The Shining One

Shops:
D:6 ?:   D:7 *

Annotations:
D:2 1 runed translucent door, 1 exclusion
D:3 exclusion: downstairs
D:7 exclusions: 2 downstairs and 1 more exclusion
D:8 2 transporters


Innate Abilities, Weirdness & Mutations

You cannot wear most types of armour.
You are amphibious.
You can wear up to eight rings at the same time.
Your skin changes colour to match your surroundings (Stealth+).
Your rubbery body absorbs attacks. (AC +1, EV +1)
((You are camouflaged when in or above water. (Stealth+)))
You have tentacles for arms and can constrict up to eight enemies at once.


Message History

* * * LOW HITPOINT WARNING * * *
The vampire mosquito draws strength from your injuries!
You take 8 damage, and have 11/51 hp.
MP restored: 18
Casting: Ignite Poison (dangerous; 2% risk of failure)
Confirm with . or Enter, or press ? or * to list all spells.
You feel a surge of power!
You begin to radiate toxic energy.
The orc is poisoned.
The bullfrog is poisoned.
The orc looks even sicker.
You kill the bullfrog!
You constrict the vampire mosquito. The vampire mosquito misses you.
You now have 14/18 mp.
You feel better.
You kill the orc!
You constrict the vampire mosquito. The vampire mosquito bites you.
* * * LOW HITPOINT WARNING * * *
The vampire mosquito draws strength from your injuries!
The vampire mosquito barely misses you.
Your +4 dagger of venom begins to drip with poison!
a - a +4 dagger of venom (weapon)
You constrict the vampire mosquito.
The vampire mosquito closely misses you.
You barely miss the vampire mosquito. You squeeze the vampire mosquito!
The vampire mosquito is heavily damaged.
You constrict the vampire mosquito. The vampire mosquito misses you.
The vampire mosquito barely misses you.
You hit the vampire mosquito. You tentacle-slap the vampire mosquito.
The vampire mosquito is almost destroyed.
You hear the slow hiss of a distant avalanche of sand.
Your toxic aura wanes.
You constrict the vampire mosquito. The vampire mosquito bites you.
* * * LOW HITPOINT WARNING * * *
The vampire mosquito draws strength from your injuries!
The vampire mosquito bites you!
* * * LOW HITPOINT WARNING * * *
The vampire mosquito draws strength from your injuries!
You take 12 damage, and have 1/51 hp.
MASSIVE DAMAGE!!
You feel better.
You constrict the vampire mosquito. The vampire mosquito bites you!
You die...
Your body crumbles into a pile of gold.

## ##+## ... ....# # #.#
#.....# #.# #...#. ##.#
#....###.. ##..#
#########.)...[...
....###..............#.#
.##.......# #@# ...?
.##.#####.######y##....#
# #.# #......yy$#....#
#.# #.......$.......
###.# #......)..#..##>
.##.## #.........#.##
..#..####.........# ###.
#.......#...$.....#.....
##..©..###...........#


You could see 3 vampire mosquitoes.

Vanquished Creatures
  Prince Ribbit (Temple)
  Eustachio (D:5)
  3 yaks (D:7)
  A steam dragon (D:7)
  A water moccasin (D:7)
  An orc warrior (D:8)
  3 ice beasts
  3 sky beasts (D:7)
  4 ogres
  A centaur (D:8)
  2 kobold brigands
  A phantom (D:5)
  2 scorpions (D:5)
  2 bullfrogs
  2 hounds (D:6)
  An orc priest (D:8)
  A jelly (D:6)
  Ijyb (D:5)
  5 iguanas
  4 orc wizards
  A sickly merfolk siren (Sewer)
  A malarious merfolk avatar (Sewer)
  4 gnolls
  3 river rats
  6 adders
  A white imp (D:7)
  An ufetubus (D:5)
  5 worms
  2 dart slugs (D:2)
  13 orcs
  6 endoplasms
  8 giant cockroaches
  10 hobgoblins
  8 jackals
  7 quokkas
  16 ball pythons
  A bat (D:2)
  10 frilled lizards
  10 goblins
  16 kobolds
  31 rats
200 creatures vanquished.

Notes
Turn   | Place    | Note
-------+----------+-------------------------------------------
     0 | D:1      | Psyclone the Octopode Venom Mage began the quest for the
                  | Orb.
     0 | D:1      | Reached XP level 1. HP: 11/11 MP: 3/3
   336 | D:1      | Reached XP level 2. HP: 17/17 MP: 3/5
   355 | D:1      | Learned a level 2 spell: Poisonous Vapours
   618 | D:1      | Reached XP level 3. HP: 21/21 MP: 3/6
   682 | D:1      | Learned a level 3 spell: Ignite Poison
  1266 | D:2      | Reached skill level 1 in Fire Magic
  1505 | D:2      | Reached XP level 4. HP: 22/27 MP: 3/7
  1887 | D:2      | Found a runed translucent door.
  2288 | D:3      | Reached XP level 5. HP: 2/31 MP: 1/8
  2354 | D:3      | Found a blossoming altar of Fedhas.
  2392 | D:3      | Found a glowing drain.
  2498 | Sewer    | Entered a sewer
  3164 | Sewer    | Reached XP level 6. HP: 19/36 MP: 0/9
  5280 | D:4      | Reached XP level 7. HP: 41/41 MP: 10/12
  5494 | D:5      | Entered Level 5 of the Dungeon
  5768 | D:5      | Found a staircase to the Ecumenical Temple.
  5777 | Temple   | Entered the Ecumenical Temple
  5788 | Temple   | Became a worshipper of Gozag Ym Sagoz the Greedy
  5813 | D:5      | Noticed Prince Ribbit
  5901 | Temple   | Killed Prince Ribbit
  6011 | D:5      | Found a hazy altar of Hepliaklqana.
  6059 | D:5      | Reached XP level 8. HP: 46/46 MP: 2/14
  6185 | D:5      | Found a bloodstained altar of Trog.
  6242 | D:5      | Noticed Eustachio
  6249 | D:5      | Killed Eustachio
  6366 | D:5      | Noticed Ijyb
  6371 | D:5      | Killed Ijyb
  7347 | D:6      | Reached skill level 5 in Poison Magic
  7492 | D:6      | Found a broken altar of Ashenzari.
  7822 | D:6      | Found an iron altar of Okawaru.
  7946 | D:6      | Found Dovaluhion's Magic Scroll Emporium.
  7956 | D:6      | Bought a scroll of identify for 22 gold pieces
  8040 | D:6      | Reached skill level 5 in Transmutations
  8040 | D:6      | Reached skill level 5 in Fire Magic
  8105 | D:6      | Learned a level 4 spell: Olgreb's Toxic Radiance
  8191 | D:6      | Found Seix's Self-Improvement Boutique.
  8395 | D:7      | Found Olucok's Assorted Antiques.
  8409 | D:7      | Reached skill level 5 in Spellcasting
  8409 | D:7      | Reached XP level 9. HP: 25/51 MP: 0/16
  8732 | D:7      | Bought a scroll labelled ENYSERGHOLIE for 26 gold pieces
  8833 | D:7      | Reached skill level 5 in Dodging
  9756 | D:8      | Found a transporter.
  9757 | D:8      | Found a transporter.
  9758 | D:8      | Noticed a boulder beetle
  9823 | D:8      | HP: 1/51 [vampire mosquito (11)]
  9824 | D:8      | Slain by a vampire mosquito

Illustrated notes

Levels and vault maps discovered:
D:1:      giann_forest_graveyard, layout_loops_ring, minmay_misc_feat_x
D:2:      minmay_recursive_quarters, layout_basic, uniq_crazy_yiuf_cottage
D:3:      layout_basic, mainiacjoe_overflow_surrounded_room,
          portal_sewer_entry_a
D:4:      layout_loops_ring
D:5:      layout_cave_pods, nzn_hepliaklqana_mist_gate,
          mainiacjoe_overflow_tiny_flanked, minmay_temple_entry_crystal_x,
          uniq_prince_ribbit1, uniq_ijyb, uniq_eustachio
D:6:      layout_loops_cross, okawaru_gym_becter, evilmike_ruin_ashenzari,
          serial_shops, nicolae_shop_gibbet_a_chance, nicolae_shop_self_help
D:7:      layout_cave_pools, serial_shops, nicolae_shop_advertising_works
          [nicolae_subvault_shop_adworks]
D:8:      gammafunk_boulding_lane, layout_rooms, lemuel_doored_altar,
          mainiacjoe_overflow_alcove_4, lightli_ossuary_entry_decrepit_ruins,
          kennysheep_generic_room_9
Temple:   hellmonk_temple_forest_ring

Skill      XL: |  1  2  3  4  5  6  7  8  9 |
---------------+----------------------------+-----
Stealth        | 3 6 |  6.0
Poison Magic   | 4 5 6 |  6.0
Transmutations | 2 3 4 5 6 |  6.0
Fire Magic     | 1 2 3 4 5 6 |  6.0
Spellcasting   | 3 4 5 6 |  6.0
Dodging        | 3 4 6 |  6.9

Action                     |  1- 3 |  4- 6 |  7- 9 || total
---------------------------+-------+-------+-------++-------
  Melee: Unarmed           |     3 |       |       ||     3
         Tentacles         |    12 |    30 |    15 ||    57
         Dagger            |    44 |   143 |    60 ||   247
         Constrict         |     9 |    36 |     9 ||    54
         Staff             |       |       |     4 ||     4
         Punch             |       |       |     1 ||     1
   Cast: Sting             |    12 |     1 |     4 ||    17
         Poisonous Vapours |    28 |    88 |    78 ||   194
         Ignite Poison     |       |       |    30 ||    30
         Olgreb's Toxic Ra |       |       |     4 ||     4
  Evoke: Wand              |       |       |     4 ||     4
    Use: Potion            |       |     6 |     4 ||    10
         Scroll            |       |     4 |     2 ||     6
   Stab: Sleeping          |     2 |    11 |     3 ||    16
         Distracted        |     1 |       |       ||     1
 Armour: Skin              |    19 |    66 |    40 ||   125
  Dodge: Dodged            |    30 |    94 |    58 ||   182

Table legend: (Time is in decaauts)
 A = Elapsed time spent in this place.
 B = Non-inter-level travel time spent in this place.
 C = Inter-level travel time spent in this place.
 D = Time resting spent in this place.
 E = Time spent auto-exploring this place.
 F = Levels seen in this place.
 G = Mean time per level.
                   A        B        C        D        E       F      G
               +--------+--------+--------+--------+--------+-----+--------+
         Total |   9823 |   9465 |    358 |   1340 |   5998 |  10 |  982.3 |
       Dungeon |   8673 |   8329 |    344 |    859 |   5750 |   8 | 1084.1 |
        Temple |    191 |    177 |     14 |     62 |     85 |   1 |  191.0 |
         Sewer |    958 |    958 |      0 |    419 |    163 |   1 |  958.0 |
               +--------+--------+--------+--------+--------+-----+--------+

Top non-repeatable levels by time:
     D:5: 1566 daAuts
     D:3: 1408 daAuts
     D:7: 1339 daAuts
     D:1: 1253 daAuts
     D:6: 1128 daAuts
     D:4: 971 daAuts
   Sewer: 958 daAuts
     D:2: 900 daAuts
  Temple: 191 daAuts
     D:8: 105 daAuts
